 Dungeon Crawl Stone Soup version 0.27.1-33-g824d729ab1 (webtiles) character file.

Game seed: 12071460750681339326

21441 pkoi the Martial Artist (level 12, -2/101 HPs)
             Began as a Black Draconian Monk on Dec 15, 2021.
             Was an Initiate of Gozag.
             Slain by a fire bat (7 damage)
             ... in a volcano on Dec 16, 2021.
             The game lasted 00:31:17 (27910 turns).

pkoi the Martial Artist (Black Draconian Monk)     Turns: 27910, Time: 00:31:18

Health: -2/101     AC:  8    Str: 13    XL:     12   Next: 54%
Magic:  9/21       EV: 18    Int: 23    God:    Gozag
Gold:   378        SH:  0    Dex: 13    Spells: 13/23 levels left

rFire    . . .     SeeInvis .     - Unarmed
rCold    . . .     Faith    .   (no shield)
rNeg     . . .     Spirit   .   (armour unavailable)
rPois    .         Reflect  .   (helmet restricted)
rElec    +         Harm     .   d - scarf {repulsion}
rCorr    .         Rampage  .   (no gloves)
Will     .....                  (no boots)
Stlth    ++........             (no amulet)
HPRegen  0.26/turn              A - +4 ring of evasion
MPRegen  0.17/turn              x - +6 ring of intelligence

@: studying Summonings, repel missiles
A: breathe lightning, AC +8, unfitting armour, electricity resistance,
cold-blooded
a: Breathe Lightning, Renounce Religion, Potion Petition, Call Merchant, Bribe
Branch


You were in a volcano.
You worshipped Gozag.
Gozag was aware of your devotion.
You visited 3 branches of the dungeon, and saw 16 of its levels.
You also visited: Trove and Volcano.

You collected 2303 gold pieces.
You spent 1194 gold pieces at shops.
You paid 731 gold pieces to Gozag.

Inventory:

Armour
 d - a scarf of repulsion (worn)
Magical Staves
 b - a staff of air
Jewellery
 x - a +6 ring of intelligence (right hand)
 A - a +4 ring of evasion (left hand)
Wands
 h - a wand of acid (11)
 t - a wand of digging (2)
 u - a wand of polymorph (5)
 y - a wand of flame (19)
 B - a wand of iceblast (8)
 D - a wand of mindburst (35)
Scrolls
 c - a scroll of magic mapping
 g - 7 scrolls of teleportation
 i - 4 scrolls of enchant armour
 j - 2 scrolls of amnesia
 k - a scroll of fear
 n - 4 scrolls of fog
 s - 3 scrolls of silence
 w - a scroll of brand weapon
 C - 2 scrolls of blinking
Potions
 a - 4 potions of curing
 e - a potion of mutation {unknown}
 f - a potion of haste
 l - 5 potions of heal wounds
 m - a potion of might
 p - a potion of cancellation
 q - a potion of invisibility
 z - 2 potions of resistance


   Skills:
 - Level 7.9 Fighting
 + Level 6.7 Dodging
 - Level 1.7 Stealth
 + Level 13.3 Unarmed Combat
 - Level 6.0 Spellcasting
 + Level 3.8 Translocations
 + Level 12.8 Air Magic


You had 13 spell levels left.
You knew the following spells:

 Your Spells              Type           Power      Damage    Failure   Level
a - Swiftness             Air            60%        N/A       1%          3
b - Airstrike             Air            30%        N/A       1%          4
c - Gell's Gravitas       Tloc           12%        N/A       5%          3

Your spell library contained the following spells:

 Spells                   Type           Power      Damage    Failure   Level
 Shock                    Conj/Air       100%       1d9       1%          1
 Corpse Rot               Necr/Air       N/A        N/A       1%          2
 Poisonous Vapours        Pois/Air       72%        N/A       1%          2
 Mephitic Cloud           Conj/Pois/Air  26%        N/A       4%          3
 Teleport Other           Tloc           24%        N/A       5%          3
 Beastly Appendage        Tmut           12%        N/A       9%          1
 Freeze                   Ice            24%        1d5       9%          1
 Sting                    Tmut/Pois      24%        1d4       9%          1
 Ensorcelled Hibernation  Hex/Ice        12%        N/A       13%         2
 Wereblood                Tmut           6%         N/A       13%         2
 Frozen Ramparts          Ice            12%        1d3       26%         3
 Ignite Poison            Fire/Tmut/Pois 6%         N/A       26%         3
 Spider Form              Tmut/Pois      3%         N/A       26%         3
 Dispel Undead            Necr           6%         3d8       63%         4
 Hailstorm                Conj/Ice       6%         3d4       63%         4
 Olgreb's Toxic Radiance  Pois           6%         N/A       63%         4
 Bolt of Magma            Conj/Fire/Erth 3%         4d5       93%         5
 Dispersal                Tloc           12%        N/A       95%         6
 Death Channel            Necr           3%         N/A       100%        6
 Shadow Creatures         Summ           N/A        N/A       100%        6
 Malign Gateway           Summ/Tloc      7%         N/A       100%        7
 Summon Horrible Things   Summ           3%         N/A       100%        8


Dungeon Overview and Level Annotations

Branches:
Dungeon (11/15)            Temple (1/1) D:6            Lair (4/6) D:11
 Shoals (0/4) Lair:2       Spider (0/4) Lair:2          Orc (0/2) D:10
Volcano (1/1)

Altars:
Ashenzari
Cheibriados
Dithmenos
Elyvilon
Fedhas
Gozag
Hepliaklqana
Kikubaaqudgha
Makhleb
Nemelex Xobeh
Okawaru
Qazlal
Ru
Sif Muna
Trog
Uskayaw
Vehumet
Wu Jian
Xom
Yredelemnul
Zin
The Shining One
Beogh

Shops:
D:1 !   D:7 (   D:8 *   D:11 [

Annotations:
Lair:3 exclusion: 2 oklob plants


Innate Abilities, Weirdness & Mutations

You can breathe wild blasts of lightning.
Your glossy black scales are hard. (AC +8)
You cannot fit into any form of body armour.
You are resistant to electric shocks. (rElec)
You are cold-blooded and may be slowed by cold attacks.


Message History

The fire bat is lightly wounded.
The fire bat is no longer distracted by gold.
The fire bat is distracted by your dazzling golden aura.
The fire bat misses you. The fire dragon breathes flames at you.
The blast of flame hits the fire bat.
The fire bat completely resists.
The blast of flame is repelled.
The fire bat bites you but does no damage. x2
The fire bat closely misses you. The fire bat closely misses you.
The fire bat completely misses you. The fire dragon breathes flames at you.
The blast of flame hits you!!!
* * * LOW HITPOINT WARNING * * *
The fire bat bites you but does no damage.
The fire bat bites you but does no damage.
The fire bat bites you.
* * * LOW HITPOINT WARNING * * *
You are engulfed in flames!
* * * LOW HITPOINT WARNING * * *
The fire bat misses you. The fire bat closely misses you.
The fire bat misses you. The fire bat misses you.
The fire bat barely misses you. The fire bat barely misses you.
The fire bat misses you. The fire bat bites you.
* * * LOW HITPOINT WARNING * * *
You are engulfed in flames!
* * * LOW HITPOINT WARNING * * *
The fire bat bites you.
* * * LOW HITPOINT WARNING * * *
You are engulfed in flames!
* * * LOW HITPOINT WARNING * * *
The fire bat misses you.
The fire bat bites you but does no damage.
The fire bat bites you.
* * * LOW HITPOINT WARNING * * *
You are engulfed in flames!
You die...
Your body crumbles into a pile of gold.

#### ##≈≈##
#≈≈≈≈## #§≈≈≈≈#
##§≈≈≈≈###
#≈≈≈≈≈.∩.# $
##≈≈≈≈...## $
#§§§≈@..##
#≈§≈≈bb.#
#§§§§§.§#
##§§≈§.##
#§§§§D#######
##≈§##.##...###..
### ##.#...§§§..
###....≈≈≈≈≈≈
##....§≈≈≈≈≈≈≈


You could see a fire dragon and 2 fire bats.

Vanquished Creatures
  6 hydras
  A deep elf pyromancer (D:11)
  An ugly thing (D:11)
  A torpor snail (Lair:3)
  A merfolk siren (Lair:2)
  2 cane toads
  A black mamba (Lair:2)
  Maggie (Lair:2)
  6 komodo dragons
  A troll (D:11)
  A hornet (D:7)
  Grinder (D:4)
  5 blink frogs (Lair:3)
  A meliai zombie (D:11)
  3 wyverns
  7 yaks
  2 redbacks (Lair:2)
  3 basilisks
  A shadow (D:10)
  2 water elementals (D:11)
  5 fire bats (Volcano)
  A steam dragon (Lair:3)
  A wraith (D:11)
  A swamp worm (shapeshifter) (D:10)
  11 water moccasins
  A hornet zombie (D:8)
  3 orc warriors
  2 black bears
  3 ogres (D:4)
  6 necrophages
  14 wolves
  A phantom (D:4)
  2 kobold brigands
  12 bullfrogs
  A gnoll sergeant (D:8)
  16 wights
  5 electric eels
  A crimson imp (D:8)
  5 howler monkeys
  7 centaur zombies
  A jelly (D:6)
  3 hounds (D:11)
  A bullfrog skeleton (D:2)
  6 orc priests
  Terence (D:2)
  3 iguanas
  13 orc wizards
  A killer bee zombie (D:8)
  A howler monkey zombie (D:9)
  3 gnolls (D:8)
  A howler monkey skeleton (D:6)
  6 adders
  A white imp (D:8)
  An ufetubus (D:6)
  A worm (D:2)
  2 dart slugs
  30 orcs
  10 ball pythons
  6 bats
  3 endoplasms
  5 giant cockroaches
  5 hobgoblins
  4 jackals (D:5)
  20 kobolds
  6 quokkas
  4 frilled lizards
  10 goblins
  3 rats
296 creatures vanquished.

Vanquished Creatures (others)
  27 fungi
  16 plants
43 creatures vanquished.

Grand Total: 339 creatures vanquished

Notes
Turn   | Place    | Note
-------+----------+-------------------------------------------
     0 | D:1      | pkoi the Draconian Monk began the quest for the Orb.
     0 | D:1      | Reached XP level 1. HP: 19/19 MP: 1/1
   162 | D:1      | Reached XP level 2. HP: 20/26 MP: 2/2
   471 | D:1      | Found Hacweell's Distillery.
   479 | D:1      | Bought a potion of degeneration for 11 gold pieces
   620 | D:1      | Found a faded altar of an unknown god.
   753 | D:1      | Reached skill level 4 in Unarmed Combat
  1084 | D:2      | Reached XP level 3. HP: 29/31 MP: 3/3
  1159 | D:2      | Found a shimmering blue altar of Sif Muna.
  1424 | D:2      | Reached skill level 5 in Unarmed Combat
  1424 | D:2      | Reached XP level 4. HP: 32/38 MP: 4/4
  1978 | D:2      | Noticed Terence
  2792 | D:3      | Reached XP level 5. HP: 43/45 MP: 5/5
  3448 | D:3      | Reached skill level 6 in Unarmed Combat
  3795 | D:4      | Identified a scroll of acquirement
  3795 | D:4      | Acquired a manual of Summonings
  3867 | D:4      | Noticed Grinder
  4013 | D:4      | Noticed a phantom
  4030 | D:4      | Killed a phantom
  4031 | D:4      | Reached XP level 6. HP: 13/51 MP: 6/6
  4295 | D:4      | Reached skill level 7 in Unarmed Combat
  4516 | D:4      | Paralysed by Grinder for 5 turns
  4528 | D:4      | Killed Grinder
  4529 | D:4      | Reached skill level 8 in Unarmed Combat
  4529 | D:4      | Your scales start taking on a glossy black colour.
  4529 | D:4      | Reached XP level 7. HP: 28/57 MP: 7/7
  4529 | D:4      | Gained mutation: You are resistant to electric shocks.
                  | (rElec) [Black Draconian growth]
  4738 | D:4      | Learned a level 3 spell: Swiftness
  4974 | D:4      | Reached skill level 1 in Spellcasting
  4974 | D:4      | Reached skill level 1 in Air Magic
  5747 | D:5      | Entered Level 5 of the Dungeon
  6070 | D:5      | Reached XP level 8. HP: 52/63 MP: 11/11
  6085 | D:5      | HP: 3/63 [bounced beam (7)]
  6463 | D:5      | Identified the +1 robe "Otadd" {*Slow rC++ Will+ Dex-4}
  6729 | D:5      | Reached skill level 9 in Unarmed Combat
  6776 | D:5      | Learned a level 4 spell: Airstrike
  6911 | D:2      | Killed Terence
  7420 | D:6      | Found a hazy altar of Hepliaklqana.
  7420 | D:6      | Found a sparkling altar of Nemelex Xobeh.
  7740 | D:6      | Reached skill level 5 in Air Magic
  8655 | D:6      | Reached XP level 9. HP: 55/70 MP: 8/15
  8914 | D:6      | Found a staircase to the Ecumenical Temple.
  9042 | Temple   | Entered the Ecumenical Temple
  9170 | Temple   | Became a worshipper of Gozag Ym Sagoz the Greedy
  9236 | D:7      | Found an iron altar of Okawaru.
  9503 | D:7      | Found a shadowy altar of Dithmenos.
  9581 | D:7      | Reached skill level 10 in Unarmed Combat
  9802 | D:7      | Identified the +6 rapier of the Hierophant {flame, Int+2}
  9819 | D:7      | Found Xoaweanu's Weapon Shop.
  9828 | D:7      | You fall into a shaft and drop 2 floors!
 10189 | D:9      | Found a shimmering altar of Xom.
 10877 | D:9      | Found a snail-covered altar of Cheibriados.
 10877 | D:9      | Found a stormy altar of Qazlal.
 10986 | D:9      | Found a glowing golden altar of the Shining One.
 12333 | D:7      | Reached skill level 11 in Unarmed Combat
 13371 | D:8      | Found Yxket's Lightly-Used Armoury.
 14540 | D:10     | Entered Level 10 of the Dungeon
 14571 | D:10     | Reached XP level 10. HP: 71/77 MP: 16/16
 14628 | D:10     | Found a staircase to the Orcish Mines.
 14738 | D:10     | Noticed a cyclops
 14738 | D:10     | a jumping spider changed into a cyclops
 15220 | D:10     | Reached skill level 10 in Air Magic
 17040 | D:11     | Found a staircase to the Lair.
 17049 | D:11     | Reached skill level 12 in Unarmed Combat
 17348 | D:11     | Noticed a red ugly thing
 17394 | D:11     | Noticed a deep elf pyromancer
 17424 | D:11     | Killed a deep elf pyromancer
 17566 | D:11     | Killed a red ugly thing
 18102 | D:11     | Found a portal to a secret trove of treasure.
 18162 | Lair:1   | Entered Level 1 of the Lair of Beasts
 18244 | Lair:1   | Noticed a five-headed hydra
 18272 | Lair:1   | Killed a five-headed hydra
 18273 | Lair:1   | Reached skill level 5 in Fighting
 18273 | Lair:1   | Reached skill level 5 in Spellcasting
 18273 | Lair:1   | Reached XP level 11. HP: 20/86 MP: 1/18
 20093 | Lair:1   | Noticed a seven-headed hydra
 20101 | Lair:1   | Killed a seven-headed hydra
 20234 | Lair:1   | Noticed an eight-headed hydra
 20245 | Lair:1   | Killed an eight-headed hydra
 20754 | Lair:1   | Noticed a seven-headed hydra
 20760 | Lair:1   | HP: 3/89 [seven-headed hydra (7)]
 20762 | Lair:1   | Killed a seven-headed hydra
 20763 | Lair:1   | Reached skill level 5 in Dodging
 21366 | Lair:2   | Noticed a four-headed hydra
 21431 | Lair:2   | Found a hole to the Spider Nest.
 21688 | Lair:2   | Killed a four-headed hydra
 22423 | Lair:2   | Learned a level 3 spell: Gell's Gravitas
 22449 | Lair:2   | Noticed Maggie
 22453 | Lair:2   | Killed Maggie
 22614 | Lair:2   | Found a staircase to the Shoals.
 23306 | Lair:3   | Reached skill level 1 in Translocations
 23605 | Lair:2   | Reached XP level 12. HP: 72/100 MP: 17/21
 23950 | Lair:3   | Noticed a four-headed hydra
 23958 | Lair:3   | Killed a four-headed hydra
 23959 | Lair:3   | Reached skill level 13 in Unarmed Combat
 26231 | D:7      | Bought the +12 lajatang of the Sea {vorpal, Fly rC+} for
                  | 1183 gold pieces
 26373 | D:11     | You paid a toll of the lajatang of the Sea to enter a
                  | treasure trove
 26374 | Trove    | Entered a treasure trove
 26395 | Trove    | Identified the +8 long sword of Dividends {venom, Contam
                  | Fly MP+9 Dex+4}
 26397 | Trove    | Identified the +4 falchion of Qaidgher {vorpal, Dex+3}
 26403 | Trove    | Identified the +11 shortbow of Kas Luuxt {freeze, Str+4}
 27856 | Lair:4   | Found a dark tunnel.
 27859 | Volcano  | Entered a volcano
 27883 | Volcano  | Noticed a fire dragon
 27910 | Volcano  | HP: 5/101 [fire bat (2)]
 27910 | Volcano  | Slain by a fire bat

Illustrated notes

Levels and vault maps discovered:
D:1:      ncdulo_watergridlock, layout_basic,
          dreamdust_ecumenical_altar_hidden_monk_grotto, serial_shops,
          nicolae_shop_trees
D:2:      layout_basic, basic_altar, minmay_splitting_lines, uniq_terence
D:3:      layout_loops_corners
D:4:      layout_basic, uniq_grinder
D:5:      layout_gridville
D:6:      layout_gridville, jmf_multi_god_temple, minmay_temple_entry_glass
D:7:      layout_loops_ring, kennysheep_mini_moat,
          mainiacjoe_overflow_surrounded_room, serial_shops,
          nicolae_shop_waterfront, lightli_ossuary_entry_decrepit_ruins,
          kennysheep_boxes
D:8:      layout_cave_pools, minmay_misc_feat_ornament, minmay_shop_damaged,
          minmay_misc_feat_rows, hangedman_decor_lopped, minmay_fire_ice_demons
D:9:      layout_loops_ring, overflow_temple_1_default,
          nicolae_tso_swordbearing_angel, gammafunk_temple_overflow_wave,
          nrook_uturn
D:10:     layout_basic, minmay_orc_entry_temple_small
D:11:     layout_loops_ring, erik_lair_island, trove_entry_hex_spiral
Temple:   jpeg_temple_clearing
Lair:1:   layout_cave_pods, grunt_megastairs_3
Lair:2:   layout_long_grid, minmay_shoals_entry_lonely_mermaid,
          spider_nest_entry_webs, uniq_maggie
Lair:3:   layout_loops_ring, grunt_megastairs_4, minmay_lair_oklob_chamber
Lair:4:   layout_cave_pods, basic_altar, nicolae_volcano_entry_lava_flow,
          chequers_serial_rivers_micro_b
Volcano:  volcano_pools

Skill      XL: |  1  2  3  4  5  6  7  8  9 10 11 12 |
---------------+-------------------------------------+-----
Unarmed Combat | 4 5 6 8 9 11 12 13 | 13.3
Spellcasting   | 2 4 5 6 |  6.0
Air Magic      | 3 6 9 11 12 | 12.8
Dodging        | 4 5 6 |  6.7
Fighting       | 5 7 |  7.9
Translocations | 1 3 |  3.8
Stealth        | |  1.7

Action                   |  1- 3 |  4- 6 |  7- 9 | 10-12 || total
-------------------------+-------+-------+-------+-------++-------
Melee: Unarmed           |   130 |   158 |   252 |   142 ||   682
       Tailslap          |    10 |    23 |    35 |    16 ||    84
       Punch             |     2 |     2 |    10 |    14 ||    28
       Rapier            |       |       |    22 |       ||    22
       Staff             |       |       |       |     4 ||     4
Throw: Javelin           |       |     3 |       |       ||     3
 Cast: Swiftness         |       |       |     1 |       ||     1
       Airstrike         |       |       |    90 |   253 ||   343
Invok: Call Merchant     |       |       |       |     1 ||     1
 Abil: Breathe Lightning |       |       |     6 |     4 ||    10
  Use: Scroll            |     3 |     6 |     8 |     4 ||    21
       Potion            |       |     1 |       |     3 ||     4
 Stab: Sleeping          |     7 |     3 |       |     1 ||    11
Armor: Skin              |    37 |    25 |    73 |    63 ||   198
Dodge: Dodged            |    92 |    61 |   156 |   169 ||   478
       Repelled          |       |       |       |     2 ||     2
